 Dungeon Crawl Stone Soup version 0.27-a0-965-gbf8bb431c4 (webtiles) character file.

Game seed: 133065720178610943

1532 Lanoc the Covert (level 9, -1/47 (54) HPs)
             Began as a Kobold Ice Elementalist on Apr 12, 2021.
             Was an Elder of Wu Jian.
             Slain by a wight
             ... wielding a +4 battleaxe of freezing
              (3 damage)
             ... on level 6 of the Dungeon.
             The game lasted 00:11:51 (8467 turns).

Lanoc the Covert (Kobold Ice Elementalist)          Turns: 8467, Time: 00:11:51

HP:   -1/47 (54)    AC:  4    Str:  7    XL:     9   Next: 10%
MP:   7/12          EV: 20    Int: 19    God:    Wu Jian [****..]
Gold: 220           SH:  0    Dex: 22    Spells: 3/12 levels left

rFire    . . .     SeeInvis .   q - +2 dagger (holy)
rCold    . . .     Faith    .   (shield restricted)
rNeg     . . .     Spirit   .   r - +0 robe {Archmagi}
rPois    +         Reflect  .   (no helmet)
rElec    .         Harm     .   d - +0 cloak
rCorr    .         Rampage  .   (no gloves)
Will     .....                  c - +0 pair of boots
Stlth    ++++++....             (no amulet)
HPRegen  0.15/turn              o - +6 ring of dexterity
MPRegen  0.13/turn              (no ring)

@: freezing walls, heavily drained
A: small, no large weapons, nightstalker 3, poison resistance, strong 1
a: Renounce Religion, Wall Jump, Serpent's Lash


You were on level 6 of the Dungeon.
You worshipped Wu Jian.
Wu Jian was greatly pleased with you.
You visited 1 branch of the dungeon, and saw 6 of its levels.
You also visited: Ossuary.

You collected 220 gold pieces.

Inventory:

Hand Weapons
 a - a +1 dagger of draining
 i - a +4 quarterstaff of chaos
 q - a +2 dagger of holy wrath (weapon)
Armour
 c - a +0 pair of boots (worn)
 d - a +0 cloak (worn)
 r - a +0 robe of the Archmagi (worn)
Jewellery
 o - a +6 ring of dexterity (left hand)
Wands
 n - a wand of polymorph (12)
Scrolls
 b - a scroll of brand weapon
 e - 2 scrolls of amnesia
 h - a scroll of fear
 j - 2 scrolls of magic mapping
 p - a scroll of teleportation
Potions
 f - a potion of invisibility
 g - a potion of magic
 k - a potion of mutation
 l - a potion of haste
 m - 2 potions of lignification


   Skills:
 + Level 5.3 Fighting
 + Level 6.9 Dodging
 * Level 10.6 Stealth
 - Level 2.1 Spellcasting
 - Level 4.7 Ice Magic


You had 3 spell levels left.
You knew the following spells:

 Your Spells              Type           Power      Damage    Failure   Level
a - Freeze                Ice            100%       1d11      2%          1
b - Frozen Ramparts       Ice            58%        1d7       7%          3
c - Ozocubu's Armour      Ice            29%        N/A       7%          3
d - Ensorcelled Hibernat  Hex/Ice        32%        N/A       10%         2

Your spell library contained the following spells:

 Spells                   Type           Power      Damage    Failure   Level
 Corona                   Hex            3%         N/A       17%         1
 Slow                     Hex            3%         N/A       26%         2
 Confusing Touch          Hex            3%         N/A       45%         3
 Dazzling Flash           Conj/Hex       6%         N/A       45%         3
 Inner Flame              Hex/Fire       3%         N/A       45%         3
 Portal Projectile        Hex/Tloc       6%         N/A       45%         3
 Tukima's Dance           Hex            3%         N/A       45%         3
 Hailstorm                Conj/Ice       16%        3d6       54%         4
 Cause Fear               Hex            1%         N/A       86%         4
 Leda's Liquefaction      Hex/Erth       1%         N/A       86%         4
 Metabolic Englaciation   Hex/Ice        8%         N/A       87%         5


Dungeon Overview and Level Annotations

Branches:
Dungeon (6/15)            Ossuary (visited)
 Temple: D:4-7

Altars:
Wu Jian

Shops:
D:1 :


Innate Abilities, Weirdness & Mutations

You are small and have problems with some larger weapons.
You are completely attuned to the shadows.
Your system is resistant to poisons. (rPois)
Your muscles are strong. (Str +2)


Message History

The wight barely misses you.
You hit the wight but do no damage.
The wight is lightly damaged.
The wight resists.
The wall freezes the wight.
The wight misses you.
You closely miss the wight.
The wight is moderately damaged.
The wight resists.
The wall freezes the wight.
The wight barely misses you.
You hit the wight but do no damage.
The wight is moderately damaged.
The frozen ramparts melt away.
The wight closely misses you.
You hit the wight but do no damage.
The wight is moderately damaged.
The wight barely misses you.
Casting: Frozen Ramparts (dangerous; 7% risk of failure)
Confirm with . or Enter, or press ? or * to list all spells.
Casting: Frozen Ramparts (dangerous; 7% risk of failure)
Press: ? - help, Dir - look around, f - activate You feel a surge of power!
The walls around you are covered in ice.
The wight completely resists.
The wall freezes the wight but does no damage.
The wight closely misses you.
You hit the wight but do no damage.
The wight is moderately damaged.
The wight resists.
The wall freezes the wight.
The wight barely misses you.
You hit the wight but do no damage.
The wight is moderately damaged.
The wight completely resists.
The wall freezes the wight but does no damage.
The wight closely misses you.
You hit the wight but do no damage.
The wight is moderately damaged.
The wight completely resists.
The wall freezes the wight but does no damage.
The wight hits you with a +4 battleaxe of freezing!!
* * * LOW HITPOINT WARNING * * *
You feel drained.
* * * LOW HITPOINT WARNING * * *
The wight freezes you.
You die...

#...# #...# #...#
#.###### #...#
.......#######...##
##..#.#.............
...............<....
#....#z............
##....#@#######...##
......#)# #...#
#####...# ..<# #<###
#.# #.# #.# +.#


You could see a wight.

Vanquished Creatures
  Duvessa (D:4)
  A black bear (D:5)
  An orc warrior (D:4)
  An ice beast (D:5)
  An ogre (D:5)
  A centaur (D:5)
  3 scorpions
  Dowan (D:4)
  2 water moccasin skeletons (D:5)
  2 wights (D:6)
  A howler monkey (D:2)
  An orc priest (D:6)
  A jelly (D:6)
  2 centaur zombies (Ossuary)
  A human zombie (Ossuary)
  Crazy Yiuf (D:4)
  A hound (D:5)
  3 orc wizards (D:4)
  A hound skeleton (D:5)
  2 mummies (Ossuary)
  A howler monkey skeleton (D:5)
  4 adders
  A shadow imp (D:5)
  2 ufetubi
  2 worms (D:2)
  6 dart slugs
  20 orcs
  8 ball pythons
  7 bats
  5 endoplasms
  2 giant cockroaches
  4 goblins
  6 hobgoblins
  14 jackals
  4 kobolds
  6 quokkas
  4 frilled lizards
  2 goblin zombies (Ossuary)
  13 hobgoblin zombies (Ossuary)
  A jackal zombie (Ossuary)
  7 kobold zombies (Ossuary)
  10 orc zombies (Ossuary)
  4 rats (D:2)
  A rat zombie (Ossuary)
162 creatures vanquished.

Vanquished Creatures (others)
  3 plants (D:4)
3 creatures vanquished.

Grand Total: 165 creatures vanquished

Notes
Turn   | Place    | Note
-------+----------+-------------------------------------------
     0 | D:1      | Lanoc the Kobold Ice Elementalist began the quest for the
                  | Orb.
     0 | D:1      | Reached XP level 1. HP: 10/10 MP: 3/3
    38 | D:1      | Found Orghakah's Book Shoppe.
   270 | D:1      | Reached XP level 2. HP: 15/15 MP: 3/5
   561 | D:1      | Found a faded altar of an unknown god.
   574 | D:1      | Became a worshipper of the Wu Jian Council
   574 | D:1      | Reached * piety under Wu Jian
   906 | D:1      | Reached XP level 3. HP: 19/19 MP: 4/6
  1370 | D:2      | Learned a level 3 spell: Frozen Ramparts
  1457 | D:2      | Reached skill level 3 in Stealth
  1579 | D:2      | Noticed a scorpion
  1584 | D:2      | Killed a scorpion
  1585 | D:2      | Reached skill level 1 in Fighting
  1585 | D:2      | Reached skill level 4 in Stealth
  1585 | D:2      | Reached XP level 4. HP: 3/25 MP: 1/7
  1585 | D:2      | Reached XP level 5. HP: 3/29 MP: 1/8
  2195 | D:2      | Reached ** piety under Wu Jian
  2196 | D:2      | Reached skill level 5 in Stealth
  2907 | D:3      | Learned a level 3 spell: Ozocubu's Armour
  2988 | D:3      | Reached XP level 6. HP: 36/36 MP: 3/9
  4003 | D:4      | Noticed Duvessa
  4058 | D:4      | Found a sand-covered staircase.
  4065 | Ossuary  | Entered an ossuary
  4263 | Ossuary  | Reached skill level 6 in Stealth
  4782 | Ossuary  | Reached XP level 7. HP: 10/40 MP: 4/10
  5075 | Ossuary  | Reached *** piety under Wu Jian
  5458 | D:4      | Reached skill level 7 in Stealth
  5754 | D:4      | Reached skill level 5 in Dodging
  5757 | D:4      | HP: 1/41 [orc warrior/+0 hand axe (4)]
  6200 | D:4      | Noticed Dowan
  6215 | D:4      | Gained mutation: Your system is resistant to poisons.
                  | (rPois) [potion of mutation]
  6215 | D:4      | Gained mutation: Your muscles are strong. (Str +2) [potion
                  | of mutation]
  6216 | D:4      | Killed Duvessa
  6217 | D:4      | Reached skill level 8 in Stealth
  6219 | D:4      | Killed Dowan
  6220 | D:4      | Reached XP level 8. HP: 8/48 MP: 11/11
  6713 | D:4      | Found a runed translucent door.
  6716 | D:4      | Noticed Crazy Yiuf
  6721 | D:4      | Killed Crazy Yiuf
  6759 | D:5      | Entered Level 5 of the Dungeon
  6895 | D:5      | Reached skill level 9 in Stealth
  7159 | D:5      | Reached skill level 10 in Stealth
  7224 | D:5      | Reached **** piety under Wu Jian
  7384 | D:5      | Reached skill level 5 in Fighting
  8158 | D:6      | Reached XP level 9. HP: 27/54 MP: 8/12
  8185 | D:6      | Learned a level 2 spell: Ensorcelled Hibernation
  8467 | D:6      | HP: 2/47 [wight/+4 battleaxe of freezing (9)]
  8467 | D:6      | Slain by a wight

Illustrated notes

Levels and vault maps discovered:
D:1:      eino_arrival_tree_alley, layout_basic, serial_shops, shop_statue,
          ebering_ecumenical_altar_sacrificial
D:2:      layout_basic, grunt_ministairs_5
D:3:      layout_basic
D:4:      layout_cave_pools, nicolae_ossuary_entry_false_entrances,
          corexii_shack, uniq_duvessa, uniq_crazy_yiuf_cottage
D:5:      layout_basic, st_stairs_9
D:6:      layout_loops_cross, temple_pool_b, chequers_serial_rivers_room_a

Skill      XL: |  1  2  3  4  5  6  7  8 |
---------------+-------------------------+-----
Dodging        | 3 4 5 6 |  6.9
Stealth        | 4 5 6 8 10 | 10.6
Fighting       | 1 2 3 5 |  5.3
Spellcasting   | |  2.1
Ice Magic      | |  4.7

Action                   |  1- 3 |  4- 6 |  7- 9 || total
-------------------------+-------+-------+-------++-------
Melee: Unarmed           |    16 |       |       ||    16
       Staff             |     5 |    24 |       ||    29
       Dagger            |       |   151 |   200 ||   351
 Cast: Freeze            |    40 |    51 |     1 ||    92
       Frozen Ramparts   |     1 |    15 |    22 ||    38
Invok: Lunge             |     9 |    13 |    19 ||    41
       Whirlwind         |       |       |     4 ||     4
  Use: Potion            |       |     3 |     5 ||     8
       Scroll            |       |    11 |       ||    11
 Stab: Sleeping          |     8 |    10 |    10 ||    28
       Invisible         |       |     1 |     1 ||     2
       Distracted        |       |       |     5 ||     5
Armor: Robe              |     6 |    49 |    22 ||    77
Dodge: Dodged            |    27 |   179 |   155 ||   361

Table legend: (Time is in decaauts)
 A = Elapsed time spent in this place.
 B = Non-inter-level travel time spent in this place.
 C = Inter-level travel time spent in this place.
 D = Time resting spent in this place.
 E = Time spent auto-exploring this place.
 F = Levels seen in this place.
 G = Mean time per level.
                   A        B        C        D        E       F      G
               +--------+--------+--------+--------+--------+-----+--------+
         Total |   8467 |   8329 |    138 |    224 |   7007 |   7 | 1209.6 |
       Dungeon |   7405 |   7267 |    138 |    224 |   6212 |   6 | 1234.2 |
       Ossuary |   1061 |   1061 |      0 |      0 |    795 |   1 | 1061.0 |
               +--------+--------+--------+--------+--------+-----+--------+

Top non-repeatable levels by time:
     D:4: 1729 daAuts
     D:2: 1460 daAuts
     D:5: 1389 daAuts
     D:1: 1364 daAuts
     D:3: 1143 daAuts
 Ossuary: 1061 daAuts
     D:6: 317 daAuts
